Map: Bel'Shir Vestige LE (Void)

Players

Rob

  • Race: Protoss Protoss
  • League: Platinum
  • Spawn Location: 5:00

Ghost - Winner!

  • Race: Terran Terran
  • League: Platinum
  • Spawn Location: 11:00

VOD

Have the link to the VOD?

Description

Time

  • Played on: April 8, 2017, 11:40 p.m.
  • Length: 19:01
Show
View Real Time Build Order
Export as new Build Order

Rob Protoss 

Build Orders: 1 Gate Expand, Oracle Opening 

Get SALT Encoding   

  12  0:01  Probe (Chrono Boost)  
  13  0:11  Probe (Chrono Boost)  
  14  0:18  Pylon  
  14  0:22  Probe (Chrono Boost)  
  15  0:36  Probe (Chrono Boost)  
  15  0:37  Gateway  
  15  0:42  Assimilator  
  16  0:47  Probe (Chrono Boost)  
  17  0:57  Probe (Chrono Boost)  
  18  1:08  Probe (Chrono Boost)  
  19  1:23  Nexus  
  19  1:33  Cybernetics Core  
  19  1:40  Probe (Chrono Boost)  
  19  1:43  Assimilator  
  20  1:51  Probe (Chrono Boost)  
  21  2:02  Probe (Chrono Boost)  
  21  2:03  Pylon  
  22  2:14  Stargate  
  22  2:18  Pylon  
  22  2:21  Probe (Chrono Boost), Warp Gate  
  23  2:29  Zealot  
  25  2:36  Probe (Chrono Boost)  
  26  2:38  Probe (Chrono Boost)  
  25  3:04  Oracle  
  27  3:31  Probe (Chrono Boost)  
  27  3:32  Probe (Chrono Boost)  
  27  3:33  Gateway  
  29  3:34  Gateway  
  29  3:38  Pylon  
  29  3:44  Probe (Chrono Boost)  
  29  3:45  Probe (Chrono Boost)  
  31  3:59  Probe (Chrono Boost)  
  31  4:01  Probe (Chrono Boost)  
  31  4:10  Probe (Chrono Boost)  
  31  4:13  Probe (Chrono Boost)  
  33  4:20  Oracle, Probe (Chrono Boost)  
  34  4:25  Probe (Chrono Boost)  
  39  4:38  Probe (Chrono Boost)  
  39  4:40  Probe (Chrono Boost)  
  39  4:43  Zealot x2  
  39  4:44  Zealot  
  45  4:53  Phoenix  
  45  4:56  Probe (Chrono Boost)  
  45  4:57  Probe (Chrono Boost)  
  49  5:08  Probe (Chrono Boost)  
  49  5:10  Probe (Chrono Boost)  
  51  5:14  Phoenix  
  51  5:17  Twilight Council  
  53  5:41  Robotics Facility  
  53  5:42  Probe (Chrono Boost)  
  54  5:54  Nexus  
  54  5:56  Pylon  
  54  6:06  Assimilator  
  54  6:08  Assimilator  
  54  6:10  Phoenix  
  54  6:14  Probe (Chrono Boost)  
  54  6:17  Mothership Core (Chrono Boost)  
  59  6:24  Probe (Chrono Boost)  
  60  6:33  Zealot  
  60  6:37  Probe (Chrono Boost)  
  62  6:40  Phoenix  
  57  6:49  Probe (Chrono Boost)  
  57  6:52  Zealot x2  
  62  6:58  Pylon  
  62  7:00  Pylon  
  61  7:14  Phoenix  
  61  7:18  Immortal, Probe x2 (Chrono Boost)  
  70  7:30  Probe (Chrono Boost)  
  70  7:34  Nexus  
  70  7:36  Pylon  
  60  7:37  Probe (Chrono Boost)  
  60  7:42  Probe (Chrono Boost)  
  62  7:48  Probe (Chrono Boost)  
  63  7:54  Probe (Chrono Boost)  
  63  7:57  Immortal  
  68  7:58  Probe (Chrono Boost), Zealot  
  68  7:59  Zealot x2  
  76  8:06  Probe (Chrono Boost)  
  76  8:09  Probe (Chrono Boost)  
  77  8:18  Probe (Chrono Boost)  
  78  8:46  Probe (Chrono Boost)  
  78  8:48  Probe (Chrono Boost)  
  80  8:49  Probe (Chrono Boost)  
  81  8:57  Probe (Chrono Boost)  
  81  9:00  Probe (Chrono Boost)  
  81  9:01  Gateway  
  82  9:04  Immortal  
  81  9:15  Nexus  
  81  9:16  Pylon  
  80  9:18  Pylon  
  78  9:36  Probe (Chrono Boost)  
  78  9:38  Probe (Chrono Boost)  
  80  9:40  Zealot  
  80  9:41  Zealot x2  
  86  9:52  Probe (Chrono Boost)  
  85  9:53  Probe (Chrono Boost)  
  85  10:02  Probe (Chrono Boost), Charge  
  86  10:08  Gateway  
  86  10:12  Forge  
  86  10:14  Pylon  
  86  10:17  Pylon  
  86  10:24  Pylon  
  86  10:25  Pylon  
  86  10:26  Immortal  
  86  10:28  Probe (Chrono Boost)  
  91  10:36  Zealot  
  91  10:37  Zealot  
  91  11:06  Pylon  
  91  11:08  Pylon  
  91  11:19  Dark Shrine  
  91  11:20  Pylon  
  91  11:26  Immortal  
  95  11:36  Stalker x2  
  87  11:46  Zealot  
  87  11:47  Zealot  
  73  12:08  Stalker x4  
  81  12:27  Immortal  
  83  12:44  Nexus  
  83  12:46  Pylon  
  83  13:05  Protoss Ground Weapons Level 1  
  83  13:06  Dark Templar x2  
  83  13:07  Dark Templar  
  89  13:18  Robotics Bay  
  89  13:19  Probe (Chrono Boost)  
  91  13:20  Probe (Chrono Boost)  
  91  13:29  Probe (Chrono Boost)  
  91  13:32  Probe (Chrono Boost)  
  93  13:38  Robotics Facility  
  87  14:04  Zealot  
  87  14:05  Zealot x4  
  87  14:06  Disruptor  
  100  14:23  Disruptor  
  96  14:24  Assimilator x2  
  99  14:33  Zealot x4  
  101  14:50  Dark Templar  
  101  14:53  Dark Templar  
  75  15:35  Disruptor  
  73  16:03  Nexus, Zealot  
  75  16:04  Disruptor  
  75  16:08  Pylon  
  78  16:11  Pylon  
  78  16:13  Pylon  
  78  16:15  Pylon  
  78  16:21  Probe (Chrono Boost)  
  73  16:31  Probe (Chrono Boost)  
  58  16:42  Probe (Chrono Boost)  
  58  16:45  Disruptor  
  58  16:46  Zealot x2  
  62  16:52  Pylon  
  62  16:57  Gateway, Disruptor  
  62  16:59  Gateway  
  65  17:01  Gateway  
  65  17:05  Gateway, Assimilator  
  56  17:22  Disruptor  
  56  17:25  Zealot x3  
  61  17:32  Colossus  
  67  17:37  Zealot x2  
  71  17:44  Forge  
  71  18:01  Colossus  
  77  18:18  Nexus  
  73  18:26  Zealot x4  
  52  18:44  Zealot  
Show
View Real Time Build Order
Export as new Build Order

Ghost Terran - Winner!

Build Orders: MMM Bio 

Get SALT Encoding   

  12  0:01  SCV  
  13  0:13  SCV  
  14  0:22  Supply Depot  
  14  0:25  SCV  
  15  0:44  SCV  
  15  0:45  Barracks  
  16  0:51  Refinery  
  16  0:56  SCV  
  17  1:04  Refinery  
  17  1:08  SCV  
  18  1:20  SCV  
  19  1:32  SCV  
  20  1:34  Reaper  
  21  1:47  Orbital Command  
  21  1:50  Supply Depot  
  21  2:08  Command Center  
  21  2:12  Marine  
  22  2:20  SCV  
  23  2:29  Factory  
  23  3:33  Cyclone  
  27  3:34  SCV  
  27  3:35  Starport  
  27  3:36  Barracks Reactor, Barracks  
  27  3:44  Engineering Bay  
  27  3:46  SCV  
  28  3:58  SCV  
  29  4:10  SCV  
  30  4:20  Marine x2  
  30  4:21  Factory Tech Lab, Starport Reactor  
  29  4:28  Barracks Tech Lab  
  26  4:37  Marine x2  
  28  4:50  Cyclone  
  28  4:51  Marauder  
  33  4:55  Marine x2  
  33  4:56  SCV  
  36  5:07  Missile Turret  
  36  5:08  SCV  
  36  5:13  Marine  
  38  5:18  Stimpack  
  38  5:19  Marine  
  38  5:20  Marauder  
  41  5:23  Medivac  
  43  5:31  Marine  
  44  5:38  Marine  
  45  5:46  Supply Depot  
  45  5:49  Marine  
  46  5:50  Orbital Command  
  46  5:57  Missile Turret  
  46  6:08  Medivac, SCV, Siege Tank  
  46  6:09  Supply Depot  
  52  6:18  Marine x2  
  54  6:27  SCV  
  54  6:31  SCV, Marauder  
  57  6:36  Marine x2  
  57  6:39  SCV  
  59  6:52  Marauder  
  60  6:58  Marine x2  
  62  7:20  Supply Depot  
  62  7:41  Marine x3  
  62  7:42  SCV x2, Siege Tank  
  70  7:54  SCV x2  
  66  7:59  Marine x3  
  66  8:00  Medivac  
  66  8:03  Combat Shields  
  66  8:04  Command Center  
  67  8:17  Marine x2  
  69  8:32  Refinery  
  69  8:34  Refinery  
  69  8:35  Marine, Command Center  
  70  8:50  Terran Infantry Weapons Level 1  
  70  8:52  Engineering Bay  
  70  8:53  Armory  
  70  9:15  Medivac, Marine x2  
  70  9:16  Marauder  
  76  9:33  Marine x2  
  76  9:34  Viking  
  76  9:37  Marauder  
  77  9:43  SCV  
  77  9:44  SCV  
  77  9:45  Viking  
  78  9:51  Marine x2  
  80  9:55  SCV  
  80  9:56  SCV, Refinery  
  80  9:58  Refinery, Marauder  
  84  10:07  SCV  
  84  10:08  Marine x2  
  84  10:11  Medivac  
  89  10:16  SCV  
  89  10:19  SCV  
  89  10:20  Marauder  
  93  10:26  Marine x2  
  93  10:28  SCV, Viking  
  98  10:32  Missile Turret  
  98  10:41  Marauder  
  100  11:06  Supply Depot  
  100  11:10  Planetary Fortress  
  100  11:11  Orbital Command  
  100  11:27  Marine x2  
  100  11:28  SCV x2, Marauder  
  94  11:40  SCV x2  
  94  11:45  Marine x2  
  85  11:49  Marauder  
  85  11:52  SCV x2  
  66  12:03  Marine x2  
  66  12:04  SCV x2  
  66  12:05  Barracks x2  
  66  12:06  Barracks  
  66  12:07  Terran Infantry Weapons Level 2  
  66  12:08  Terran Infantry Armor Level 1, Barracks  
  70  12:11  SCV, Marauder  
  70  12:12  SCV  
  74  12:16  SCV  
  74  12:21  Marine x2  
  74  12:23  SCV  
  74  12:24  Medivac, Siege Tank  
  74  12:25  SCV  
  74  12:28  SCV  
  82  12:32  Marauder  
  82  12:36  SCV  
  85  12:39  Marine x2  
  85  12:43  Supply Depot, Sensor Tower  
  87  12:46  Viking  
  87  12:48  SCV  
  87  12:50  Terran Vehicle Weapons Level 1  
  90  12:54  Marauder  
  90  12:56  Marine x2, Barracks Reactor x2, Siege Tank  
  90  12:57  Barracks Tech Lab x2  
  97  12:59  Ghost Academy  
  97  13:14  Marine  
  97  13:15  Marauder  
  97  13:16  Missile Turret  
  97  13:17  Supply Depot  
  97  13:18  SCV  
  97  13:19  SCV  
  102  13:21  SCV  
  102  13:23  Concussive Shells  
  103  13:28  Siege Tank, Marauder x2  
  103  13:30  SCV  
  103  13:31  SCV, Marine x2  
  103  13:32  Marine x2  
  116  13:39  SCV, Marine x2, Marauder  
  116  13:40  Supply Depot  
  119  13:48  Missile Turret  
  119  13:49  Marine x3, Marauder  
  119  13:50  Marine  
  124  13:57  Supply Depot, Marine  
  124  14:02  Missile Turret  
  123  14:03  Marine x3  
  123  14:08  Marauder  
  128  14:11  Marauder  
  128  14:12  Marine x2  
  128  14:16  Supply Depot  
  132  14:18  Marine x2  
  132  14:22  Marauder  
  136  14:29  Marauder  
  138  14:47  Marine x4, Marauder x2  
  138  14:50  Marauder  
  148  15:02  Marine x2  
  148  15:05  Marine x2  
  123  15:08  Marine x2, Marauder  
  123  15:09  Marauder  
  123  15:12  Marauder  
  120  15:20  Marine x2  
  120  15:30  Marauder x2  
  120  15:33  Marauder  
  120  15:34  Marine x2  
  116  15:40  Marine x4  
  110  15:51  Marine x2, Marauder  
  110  15:52  Marauder  
  110  15:53  Starport  
  110  15:54  Marauder  
  110  15:56  Starport  
  116  15:57  Marine  
  117  16:07  Starport  
  117  16:09  Command Center  
  115  16:13  Marauder x2  
  115  16:16  Marauder  
  113  16:27  Marine x4  
  100  16:34  Marine x2, Marauder x2  
  100  16:37  Marauder  
  90  16:45  Marine x4  
  85  16:48  Siege Tank  
  85  16:52  Marine x2  
  88  16:55  Marauder  
  88  16:56  Marauder  
  88  16:58  Starport Tech Lab x3  
  88  16:59  Marauder  
  94  17:03  Marine x4  
  98  17:17  Marauder x2  
  98  17:20  Marauder  
  98  17:29  Marine x4  
  102  17:38  Marauder  
  102  17:39  Raven x3, Marauder  
  102  17:41  Marauder  
  114  18:00  Marauder x2  
  114  18:02  Marine x3  
  114  18:03  Marine, Marauder  
  124  18:09  Planetary Fortress  
  124  18:17  Missile Turret  
  124  18:21  Marauder x2  
  124  18:24  Marauder  
  130  18:27  Marine x3  
Tags
 
Add a new tag
Caveats
  • Supply blocks, unpowered buildings, or Contaminate may cause inaccurate times.
  • Supply counts are checked every 10 seconds.